 Dungeon Crawl Stone Soup version 0.27-a0-1177-g245c70e1c0 (webtiles) character file.

Game seed: 11658269170819474125

467944 Sobieck the Pyromancer (level 23, -2/266 HPs)
             Began as a Red Draconian Fire Elementalist on May 14, 2021.
             Was the Champion of the Shining One.
             Killed from afar by an iron dragon (29 damage)
             ... with a spray of metal splinters
             ... on level 3 of the Depths on May 16, 2021.
             The game lasted 05:10:24 (77096 turns).

Sobieck the Pyromancer (DrFE)                      Turns: 77096, Time: 05:10:25

Health: -2/266     AC: 34    Str: 11    XL:     23   Next: 48%
Magic:  25/43      EV: 16    Int: 29    God:    the Shining One [******]
Gold:   3404       SH: 32    Dex: 14    Spells: 10/54 levels left

rFire    + . .     SeeInvis +   a - +8 autumn katana {vorpal, Clar}
rCold    . . .     Faith    .   L - +5 kite shield
rNeg     + + +     Spirit   .   (armour unavailable)
rPois    ∞         Reflect  +   A - +2 hat {SInv}
rElec    +         Harm     .   p - +2 cloak {Stlth+}
rCorr    +         Rampage  +   (gloves currently unavailable)
Will     ++...     Clarity  +   (boots currently unavailable)
Stlth    ++........             Z - amulet of Urghuz {Reflect Rampage rC- rCorr Slay+3 SH+5}
HPRegen  0.54/turn              z - ring "Wotouc" {+Blink Fly rC+ Will+}
MPRegen  0.28/turn              u - +6 ring of intelligence

@: divinely shielded, statue-form, flying, glowing, very slow
A: slow and powerful, torment resistance 1, boosted hp, (breathe fire), AC +11,
unfitting armour, fire resistance 1, cold-blooded
}: 2/15 runes: barnacled, gossamer
a: End Transformation, Renounce Religion, Evoke Blink, Divine Shield, Cleansing
Flame, Summon Divine Warrior


You were on level 3 of the Depths.
You worshipped the Shining One.
The Shining One was exalted by your worship.
You were a living statue of rough stone.
You visited 9 branches of the dungeon, and saw 43 of its levels.
You visited the Abyss 2 times.
You also visited: Bailey and Gauntlet.

You collected 6285 gold pieces.
You spent 2881 gold pieces at shops.


Innate Abilities, Weirdness & Mutations

You are a living statue of rough stone.
Your actions are slow, but your melee attacks are powerful.
You are resistant to unholy torment.
Your maximum health is greatly increased.
You are immune to poison.
Your equipment is partially melded.
((You can breathe blasts of fire.))
((Your fiery red scales are hard. (AC +11)))
You cannot fit into any form of body armour.
Your flesh is heat resistant. (rF+)
You are cold-blooded and may be slowed by cold attacks.


   Skills:
 - Level 17.0 Fighting
 - Level 10.0(11.7) Short Blades
 - Level 10.4(12.0) Long Blades
 - Level 10.0 Dodging
 - Level 3.0 Stealth
 - Level 15.0 Shields
 - Level 16.0 Spellcasting
 - Level 9.0 Conjurations
 - Level 10.0 Transmutations
 - Level 21.0 Fire Magic
 - Level 4.0 Ice Magic
 * Level 17.8 Earth Magic
 - Level 7.0 Poison Magic
 - Level 9.0 Invocations
 - Level 4.0 Evocations


You had 10 spell levels left.
You knew the following spells:

 Your Spells              Type           Power      Damage    Failure   Level
a - Statue Form           Tmut/Erth      54%        N/A       1%          6
b - Sticky Flame          Conj/Fire      83%        2d9       1%          4
c - Fireball              Conj/Fire      41%        3d17      1%          5
d - Olgreb's Toxic Radia  Pois           59%        N/A       1%          4
e - Ignite Poison         Fire/Tmut/Pois 77%        N/A       1%          3
f - Irradiate             Conj/Tmut      33%        3d24      1%          5
g - Shatter               Erth           45%        3d35*     80%         9
h - Ignition              Fire           49%        3d14      2%          8

Your spell library contained the following spells:

 Spells                   Type           Power      Damage    Failure   Level
 Foxfire                  Conj/Fire      100%       2x1d9     0%          1
 Sandblast                Erth           100%       2d20      0%          1
 Passwall                 Tmut/Erth      67%        N/A       0%          2
 Conjure Flame            Conj/Fire      83%        6-21      0%          3
 Animate Skeleton         Necr           46%        N/A       1%          1
 Apportation              Tloc           46%        N/A       1%          1
 Corona                   Hex            25%        N/A       1%          1
 Freeze                   Ice            100%       1d11      1%          1
 Magic Dart               Conj           100%       1d8       1%          1
 Pain                     Necr           92%        1d8       1%          1
 Shock                    Conj/Air       100%       1d9       1%          1
 Sting                    Tmut/Pois      100%       1d8       1%          1
 Summon Small Mammal      Summ           92%        N/A       1%          1
 Ensorcelled Hibernation  Hex/Ice        68%        N/A       1%          2
 Poisonous Vapours        Pois/Air       86%        N/A       1%          2
 Static Discharge         Conj/Air       49%        N/A       1%          2
 Frozen Ramparts          Ice            92%        1d11      1%          3
 Inner Flame              Hex/Fire       71%        N/A       1%          3
 Mephitic Cloud           Conj/Pois/Air  52%        N/A       1%          3
 Ozocubu's Armour         Ice            46%        N/A       1%          3
 Stone Arrow              Conj/Erth      100%       3d13      1%          3
 Hailstorm                Conj/Ice       57%        3d12      1%          4
 Ice Form                 Ice/Tmut       59%        N/A       1%          4
 Petrify                  Tmut/Erth      81%        N/A       1%          4
 Bolt of Magma            Conj/Fire/Erth 43%        4d18      1%          5
 Borgnjor's Vile Clutch   Necr/Erth      33%        N/A       1%          5
 Hydra Form               Tmut           34%        N/A       1%          5
 Starburst                Conj/Fire      41%        8x6d12    1%          6
 Blink                    Tloc           N/A        N/A       3%          2
 Call Imp                 Summ           23%        N/A       3%          2
 Corpse Rot               Necr/Air       N/A        N/A       3%          2
 Slow                     Hex            23%        N/A       3%          2
 Sublimation of Blood     Necr           11%        N/A       3%          2
 Swiftness                Air            23%        N/A       6%          3
 Vampiric Draining        Necr           11%        2d7       6%          3
 Summon Ice Beast         Ice/Summ       34%        N/A       9%          4
 Lightning Bolt           Conj/Air       24%        1d40      9%          5
 Airstrike                Air            11%        N/A       21%         4
 Animate Dead             Necr           11%        N/A       21%         4
 Dispel Undead            Necr           23%        3d12      21%         4
 Metabolic Englaciation   Hex/Ice        17%        N/A       24%         5
 Freezing Cloud           Conj/Ice/Air   24%        6-21      47%         6
 Agony                    Necr           23%        N/A       50%         5
 Excruciating Wounds      Necr           11%        N/A       50%         5
 Silence                  Hex/Air        11%        N/A       50%         5
 Simulacrum               Ice/Necr       17%        N/A       80%         6
 Death Channel            Necr           11%        N/A       97%         6
 Shadow Creatures         Summ           N/A        N/A       97%         6
 Ozocubu's Refrigeration  Ice            23%        4d9       97%         7
 Malign Gateway           Summ/Tloc      11%        N/A       100%        7
 Disjunction              Tloc           11%        N/A       100%        8
 Tornado                  Air            11%        N/A       100%        9
 Animate Armour           Summ/Erth      Unusable   N/A       N/A         4

Inventory:

Hand Weapons
 a - the +8 autumn katana (weapon) {vorpal, Clar}
   (You bought it in a shop on level 4 of the Dungeon)

   It inflicts extra damage upon your enemies.
   It protects you against confusion.
 w - a +9 eudemon blade of holy wrath {forbiddenlong} (the Shining One gifted it to you on level 4 of the Vaults)
 K - a +8 double sword of flaming {longrare=g}
   (You took it off Urug on level 4 of the Lair of Beasts)
Missiles
 f - 6 throwing nets {=f!fthrowing}
 W - 24 silver javelins {throwing}
 X - 110 javelins {throwing}
Armour
 c - a +1 buckler of protection
   (You took it off a tengu warrior on level 2 of the Depths)
 g - a +2 pair of boots (melded)
   (You found it on level 2 of the Dungeon)
 p - a +2 cloak of stealth (worn)
   (You found it on level 3 of the Elven Halls)
 t - a +2 pair of gloves (melded)
   (You found it on level 6 of the Dungeon)
 A - a +2 hat of see invisible (worn)
   (You took it off Gastronok on level 3 of the Lair of Beasts)
 L - a +5 kite shield (worn)
   (You found it on level 3 of the Lair of Beasts)
Magical Staves
 b - a staff of fire {!astaff}
   (You found it on level 3 of the Spider Nest)
Jewellery
 e - the ring "Jetinogg" {rPois Str+6 Int-4 Dex+3}
   (You found it on level 3 of the Depths)

   [ring of poison resistance]

   It affects your strength (+6).
   It affects your intelligence (-4).
   It affects your dexterity (+3).
   It protects you from poison.
 u - a +6 ring of intelligence (right fist)
   (You found it on level 7 of the Dungeon)
 y - a ring of fire
   (You found it on level 6 of the Dungeon)
 z - the ring "Wotouc" (left fist) {+Blink Fly rC+ Will+}
   (You found it on level 8 of the Dungeon)

   [ring of flight]

   It protects you from cold.
   It grants you flight.
   It lets you blink.
   It increases your willpower.
 S - a ring of protection from fire
   (You found it on level 5 of the Lair of Beasts)
 U - a ring of wizardry
   (You found it on level 2 of the Abyss)
 Z - the amulet of Urghuz (around neck) {Reflect Rampage rC- rCorr Slay+3 SH+5}
   (You found it in a Gauntlet)

   [amulet of reflection]

   It reflects blocked missile attacks.
   It affects your accuracy and damage with ranged weapons and melee attacks
   (+3).
   It makes you vulnerable to cold.
   It protects you from acid and corrosion.
   It affects your SH (+5).
   It bestows one free step when moving towards enemies.
Wands
 j - a wand of iceblast (41)
   (You found it on level 7 of the Dungeon)
 D - a wand of digging (2)
   (You found it on level 1 of the Elven Halls)
 M - a wand of acid (29)
   (You found it on level 5 of the Lair of Beasts)
 P - a wand of mindburst (28)
   (You took it off a wight on level 9 of the Dungeon)
Scrolls
 d - 2 scrolls of holy word
 i - 5 scrolls of blinking {!r}
 k - 3 scrolls of brand weapon
 l - 2 scrolls of fear
 m - 27 scrolls of identify {@r1}
 n - 10 scrolls of vulnerability {!r!r}
 r - 2 scrolls of silence {!r}
 x - 3 scrolls of fog
 F - a scroll of enchant armour
 G - 5 scrolls of immolation {!r!r}
 Q - 2 scrolls of summoning
 V - 13 scrolls of teleportation {@r4}
 Y - 4 scrolls of magic mapping {!r}
Potions
 h - 8 potions of mutation {!q}
 o - 7 potions of might
 s - 10 potions of attraction {!q}
 v - 4 potions of resistance
 C - 5 potions of magic
 E - 3 potions of haste {@q3}
 I - 15 potions of curing {@q1}
 J - 14 potions of heal wounds {@q2}
 O - 5 potions of ambrosia
 R - 3 potions of cancellation
 T - 9 potions of lignification {!q}
Miscellaneous
 q - a box of beasts
   (You found it on level 2 of the Lair of Beasts)
 B - a phial of floods
   (You found it on level 3 of the Elven Halls)
 H - a lightning rod (4/4)
   (You found it on level 4 of the Shoals)
 N - a tin of tremorstones (2/2) {throwing}
   (You found it on level 3 of the Elven Halls)

Dungeon Overview and Level Annotations

Branches:
Dungeon (15/15)            Temple (1/1) D:6            Lair (6/6) D:10
 Shoals (4/4) Lair:3       Spider (4/4) Lair:4        Slime (0/5) Lair:6
    Orc (2/2) D:11            Elf (3/3) Orc:2        Vaults (4/5) D:13
  Crypt (0/3) Vaults:2     Depths (4/5) D:15         Bailey (visited)
Gauntlet (visited)

Altars:
Ashenzari
Cheibriados
Dithmenos
Elyvilon
Fedhas
Gozag
Hepliaklqana
Kikubaaqudgha
Makhleb
Nemelex Xobeh
Okawaru
Qazlal
Ru
Sif Muna
Trog
Uskayaw
Vehumet
Wu Jian
Xom
Yredelemnul
Zin
The Shining One
Beogh
Jiyva

Shops:
D:4 (   D:12 :   D:13 ?   Orc:2 ?*[*   Elf:3 ?   Vaults:3 ?   Vaults:4 [

Portals:
Hell: Depths:1 Depths:2
Abyss: Depths:1 Depths:2
Pandemonium: Depths:2 Depths:3
Ziggurat: Depths:1

Annotations:
D:2 Grinder
D:3 exclusion: upstairs
D:5 exclusion: downstairs
D:8 exclusion: downstairs
Spider:1 exclusion: downstairs
Spider:2 exclusion: downstairs
Elf:1 exclusion: 2 downstairs
Elf:2 3 runed translucent doors, exclusion: downstairs
Elf:3 3 runed translucent doors, exclusion: obsidian statue, Gerad's ghost, veteran VSAK
Vaults:2 1 runed translucent door, Strat's ghost, adept SpDe
Vaults:4 exclusion: 3 downstairs
Depths:1 exclusion: orange crystal statue

#8....8# ##⌠).........##
##....## ##)........#####
#8....8# ##......).###.[.#
##....## ##....(..''#......
#8....8# ##.....))#÷........
##..).## #....÷).##.........
#######''#####....÷.##......)...
#≈≈........)##''..[##.....8.....
#≈§......).))..8'###[...........
#...≈≈§§≈≈≈.....D###............
#...≈.....≈........##.........8.
#....§......)....§..##..........
#≈≈...§§≈...≈≈§≈≈§.°.#.......8..
#[[..≈§≈≈≈........§..#..........
#)...≈§§≈≈......§._.∩#
#$)..≈§≈≈§...........#
#§≈...§≈§...§≈≈≈≈≈...#


You could see an iron dragon (catching breath).


Message History

The iron troll bites you but does no damage.
You block the iron troll's attack.
The iron troll claws you but does no damage. 😕 HP[-1] MP[-3]
You take 1 damage, and now have 211/266 hp.
You lost 3 mp, and now have 31/43 mp.
a - the +8 autumn katana (weapon)
{vorpal, Clar} The iron troll looks even sicker.
The hell knight looks even sicker.
The hell knight shouts!
The hell knight is poisoned.
The hell knight looks even sicker. x2
You block the hell knight's attack.
The hell knight mumbles some strange words.
The hell knight seems to speed up.
The iron troll closely misses you.
You riposte.
You slice the iron troll!! You block the iron troll's attack. x2
You hit the iron troll but do no damage.
The hell knight looks even sicker.
Your toxic aura wanes.
You block the hell knight's attack. x2; The hell knight barely misses you.
The iron troll bites you!!
The iron troll claws you but does no damage.
The iron troll claws you! 😮 HP[-43]
You take 43 damage, and now have 168/266 hp.
You hit the iron troll but do no damage.
You block the hell knight's attack. x2; The hell knight barely misses you.
The iron troll misses you. You block the iron troll's attack.
The iron troll claws you but does no damage.
Your shield is strengthened by the Shining One's divine power.
You block the hell knight's attack. x2; The hell knight closely misses you.
You block the hell knight's attack. x2; The iron troll barely misses you.
The iron troll closely misses you. The iron troll misses you.
The hell knight hits you with a +0 war axe!
The hell knight hits you from afar with a +4 halberd! 😮 HP[-26] MP[-2]
You take 26 damage, and now have 142/266 hp.
You lost 2 mp, and now have 29/43 mp.
You are momentarily dazzled by a brilliant light.
The hell knight hits you from afar with a +4 vorpal glaive!!
* * * LOW HITPOINT WARNING * * *
x2 You block the hell knight's attack.
The hell knight hits you but does no damage.
Your daeva blocks the hell knight's attack.
You block the iron troll's attack. The iron troll completely misses you.
The iron troll claws you!
* * * LOW HITPOINT WARNING * * *
The hell knight mumbles some strange words.
The hell knight seems to speed up.
The hell knight hits you from afar with a +4 vorpal glaive!
* * * LOW HITPOINT WARNING * * *
x2 You block the hell knight's attack.
The hell knight mumbles some strange words.
The hell knight seems to speed up.
The hell knight hits you from afar with a +4 halberd!
* * * LOW HITPOINT WARNING * * *
The iron troll bites you!
* * * LOW HITPOINT WARNING * * *
The iron troll claws you.
* * * LOW HITPOINT WARNING * * *
The iron troll claws you!!
* * * LOW HITPOINT WARNING * * *
The hell knight misses you.
You riposte.
You barely miss the hell knight.
The hell knight barely misses your daeva.
The hell knight hits you from afar with a +4 vorpal glaive!
* * * LOW HITPOINT WARNING * * *
x2 😱 HP[-123] MP[-8]
You take 123 damage, and now have 19/266 hp.
MASSIVE DAMAGE!! (PAUSE)
You lost 8 mp, and now have 21/43 mp.
Really read
i - 7 scrolls of blinking {!r}? [Y]es or [N]o only, please.
Really read
i - 7 scrolls of blinking {!r}?
Blink to where?
Press: ? - help, Dir - move target
As you read the scroll of blinking {!r}, it crumbles to dust. 😱 HP[+1] MP[+1] Really read
i - 6 scrolls of blinking {!r}?
Blink to where?
Press: ? - help, Dir - move target
As you read the scroll of blinking {!r}, it crumbles to dust. 😱 HP[+1] 😱 HP[+1] MP[+1]
Things that are here:
+0 storm dragon scales {rare}; a storm dragon skeleton 😱 HP[+1] 😱 HP[+1] MP[+1]
An iron dragon comes into view. 😱 HP[+1]
There is a huge open gate here. 😱 MP[+1]
You hit the iron dragon but do no damage.
You tail-slap the iron dragon. You block the iron dragon's attack. x2
The iron dragon tramples you but does no damage. 😱 HP[+1]
You slash the iron dragon! You slash the iron dragon!
You tail-slap the iron dragon, but do no damage.
The iron dragon breathes metal splinters at you.
The spray of metal splinters hits you!!
You die...

Skill      XL: |  1  2  3  4  5  6  7  8  9 10 11 12 13 14 15 16 17 18 19 20 21 22 23 |
---------------+----------------------------------------------------------------------+-----
Stealth        | 2 3 |  3.0
Fighting       | 1 4 5 6 9 11 12 14 16 17 | 17.0
Conjurations   | 2 3 4 5 6 7 8 9 |  9.0
Spellcasting   | 3 4 5 6 8 9 11 13 15 16 | 16.0
Short Blades   | 1 2 3 5 6 8 9 10 | 10.0
Evocations     | 1 2 4 |  4.0
Shields        | 2 4 9 14 15 | 15.0
Fire Magic     | 4 8 9 10 12 14 18 20 21 | 21.0
Dodging        | 2 3 4 5 7 9 10 | 10.0
Invocations    | 2 5 7 8 9 |  9.0
Poison Magic   | 6 7 |  7.0
Ice Magic      | 3 4 |  4.0
Long Blades    | 7 10 | 10.4
Transmutations | 1 7 10 | 10.0
Earth Magic    | 1 7 10 12 15 17 | 17.8

Action                   |  1- 3 |  4- 6 |  7- 9 | 10-12 | 13-15 | 16-18 | 19-21 | 22-24 || total
-------------------------+-------+-------+-------+-------+-------+-------+-------+-------++-------
Melee: Rapier            |     8 |    81 |     5 |       |       |       |       |       ||    94
       Tailslap          |     3 |     6 |     6 |    16 |    86 |   183 |   159 |    89 ||   548
       Dagger            |       |       |    42 |   206 |   180 |       |       |       ||   428
       Katana            |       |       |       |       |   527 |  1367 |  1110 |   662 ||  3666
       Unarmed           |       |       |       |       |       |     1 |       |       ||     1
       Eudemon blade     |       |       |       |       |       |       |       |    42 ||    42
Throw: Boomerang         |       |       |       |    15 |     8 |       |       |       ||    23
       Javelin           |       |       |       |       |       |       |     2 |       ||     2
 Cast: Foxfire           |    86 |   113 |   209 |   548 |   303 |    20 |       |       ||  1279
       Sticky Flame      |       |     1 |       |     4 |     3 |     3 |       |       ||    11
       Fireball          |       |       |       |    13 |       |       |     2 |       ||    15
       Olgreb's Toxic Ra |       |       |       |       |    73 |    65 |    50 |     2 ||   190
       Ignite Poison     |       |       |       |       |    71 |    62 |    54 |       ||   187
       Ozocubu's Armour  |       |       |       |       |    21 |    26 |     1 |       ||    48
       Frozen Ramparts   |       |       |       |       |    16 |    16 |       |       ||    32
       Ignition          |       |       |       |       |       |     3 |    25 |    13 ||    41
       Statue Form       |       |       |       |       |       |       |    47 |    37 ||    84
       Irradiate         |       |       |       |       |       |       |     3 |       ||     3
Invok: Divine Shield     |       |       |       |       |     3 |     8 |    10 |     4 ||    25
       Cleansing Flame   |       |       |       |       |     1 |     2 |     3 |       ||     6
       Summon Divine War |       |       |       |       |       |     3 |     2 |     3 ||     8
       Brand Weapon With |       |       |       |       |       |       |     1 |       ||     1
 Abil: Breathe Fire      |       |       |    15 |    39 |    35 |    18 |    12 |     9 ||   128
Evoke: Wand              |       |     1 |       |       |     3 |     4 |       |       ||     8
  Use: Scroll            |       |    11 |     8 |    12 |    10 |     5 |     8 |     9 ||    63
       Potion            |       |       |     1 |     3 |     1 |     4 |     2 |     1 ||    12
 Stab: Sleeping          |       |     1 |       |       |     2 |       |       |       ||     3
Armor: Skin              |    16 |    30 |    37 |    96 |   170 |   346 |   384 |   194 ||  1273
Dodge: Dodged            |    25 |    59 |    53 |   139 |   290 |   436 |   459 |   219 ||  1680
Block: Buckler           |       |       |     8 |    88 |   225 |   118 |       |       ||   439
       Reflection        |       |       |       |       |     5 |    56 |    77 |    20 ||   158
       Kite shield       |       |       |       |       |       |   838 |   975 |   667 ||  2480
       Other             |       |       |       |       |       |     1 |       |       ||     1
       Rpst.: Katana     |       |       |       |       |    60 |    70 |    65 |    37 ||   232
       Eudemon blade     |       |       |       |       |       |       |       |     1 ||     1

Levels and vault maps discovered:
D:1:      psy_arrival_radial02, layout_basic, amethyst_killhole,
          minmay_misc_feat_more_columns
D:2:      cheibrodos_greedy_goblins, layout_basic
D:3:      layout_basic, hangedman_decor_clover_reticule, minmay_quadrilaterals,
          uniq_grinder
D:4:      layout_loops_ring, nemelex_diamond_rough_becter, serial_shops,
          nicolae_shop_waterfront, dk_noncrumbling_3, minmay_gold_behind_fungi,
          kennysheep_another_room
D:5:      layout_basic
D:6:      layout_rooms, lemuel_temple_firewalk_b
D:7:      layout_cave_pools, uniq_maggie, uniq_prince_ribbit1
D:8:      layout_cave_pods, small_statue_intersection, kennysheep_cross_room
D:9:      layout_rooms, uniq_maurice
D:10:     layout_roguey, dpeg_oklobed_lair
D:11:     minmay_skewed_foursquare, layout_irregular_city, hiddenorc2_lemuel,
          enter_bailey_2
D:12:     layout_loops_ring, serial_shops, shop_fountains
D:13:     layout_big_octagon, erik_vaults_1, serial_shops, shop,
          eino_house_with_fridge
D:14:     layout_loops_ring, chequers_jeans, serial_undead, serial_undead_c,
          serial_undead_f, serial_undead_c, serial_undead_e, serial_undead_b,
          serial_undead_f, serial_undead_e, disabler_island
D:15:     grunt_enter_depths_snipers, layout_stronghold,
          minmay_misc_feat_rugged, gauntlet_entry_generic
Temple:   kilobyte_greek_temple
Lair:1:   layout_concentric_octagons, minivault_25, grunt_megastairs_1,
          serial_bayou_shore_b
Lair:2:   layout_chaotic_city, columned_hall_lemuel, serial_bayou_shore_b
Lair:3:   layout_gridlike, minmay_shoals_entry_hut, basic_altar,
          nzn_masters_of_martial_movement, infiniplex_staircase_pool,
          uniq_gastronok
Lair:4:   layout_misc_corridors, nicolae_spider_entry_non_spiders, uniq_urug
Lair:5:   beast_lair_carwin_large_1, layout_regular_city,
          gammafunk_lair_bear_cave
Lair:6:   guppyfry_lair_end_dragon, layout_loops_ring, slime_altar_1,
          kennysheep_abandoned_house
Shoals:1: argonaut_golden_fleece, layout_shoals, nicolae_shoals_aquamancer_cove
Shoals:2: cheibrodos_shoals_roost, layout_shoals
Shoals:3: layout_shoals, uniq_polyphemus
Shoals:4: shoals_end_grunt_garden, layout_shoals, shoal_ilsuiw,
          nicolae_shoals_hunting_party
Spider:1: layout_spider_delve
Spider:2: layout_spider_delve, uniq_roxanne, uniq_jorgrun, uniq_aizul
Spider:3: hangedman_creepy_crawlies, uniq_kirke, uniq_bai_suzhen
Spider:4: grunt_spider_rune_island, uniq_asterion
Orc:1:    nicolae_orc_accident_1, layout_caves, nicolae_orc_damp_corner,
          lemuel_statue_altar, uniq_erica
Orc:2:    st_orc_pillars, layout_caves, nicolae_volcano_entry_vermiform,
          mines5_lemuel
Elf:1:    eino_elf_arrival_customs, layout_geoelf_octagon,
          hangedman_elven_crosses_minicolossus, minivault_4
Elf:2:    layout_geoelf_octagon
Elf:3:    minmay_elf_hall_dome, layout_loops_ring, ebering_ghost_gozag,
          serial_shops, shop_statue
Vaults:1: nicolae_vaults_network_periphery, nicolae_vaults_asterisk, v_misc_18,
          nicolae_vaults_gold_heap, ontoclasm_vaults_shout,
          nicolae_vaults_alarming, nicolae_vaults_shelves_hall,
          layout_vaults_omnigrid
Vaults:2: ebering_vaults_ghost_inner_flame, ontoclasm_vaults_pinch,
          ontoclasm_vaults_ring_small, vaults_mumra_lcd, vaults_room_octagon,
          nicolae_vaults_little_squares_1, v_pattern_2,
          ontoclasm_vaults_decontamination, nicolae_vaults_little_squares_3,
          vaults_mumra_minichess, minmay_crypt_entry_simple_corners,
          nicolae_vaults_fighting_squares, layout_vaults_maze_snakey
Vaults:3: v_pattern_1, ontoclasm_vaults_spin, hangedman_vaults_trim, v_misc_22,
          hangedman_vaults_restitches, vaults_room_corners,
          nicolae_vaults_ring_of_whatevers, v_misc_15, vaults_dpeg_ring,
          layout_vaults_ring, serial_shops, nicolae_shop_crystal
Vaults:4: grunt_vaults_hallway_short, nicolae_vaults_circle_grid_b,
          nicolae_vaults_network_s, vaults_dpeg_doors,
          nicolae_vaults_network_barrier, vaults_mumra_hex,
          vaults_mumra_hexcomb, nicolae_vaults_little_squares_3,
          vaults_standard_mumra_enter_the_diamond, nicolae_vaults_holding_cells,
          v_misc_29, serial_ice_m, v_misc_23, layout_vaults_omnibox,
          serial_shops, shop, uniq_jory, uniq_saint_roka, uniq_mara,
          uniq_mennas, uniq_margery
Depths:1: layout_cave_pools, enter_ziggurat_f, lightli_enter_wizlab_magi_temple,
          abyss_entry, nicolae_wu_jian_wuxing_cycle, grunt_hell_entry_dis_mu,
          minivault_16, nzn_life_drinkers
Depths:2: abrahamwl_protected_by_tso_2, layout_basic, pan_entry,
          grunt_mini_vestibule, hangedman_abyss_entry_splay,
          chequers_serial_rivers_micro_a, onia_ninara_cookie, firewood_loft
Depths:3: grunt_profane_halls [grunt_profane_temple_tar,
          grunt_profane_temple_geh, grunt_profane_temple_coc,
          grunt_profane_temple_dis, grunt_profane_loot], hell_entry, pan_entry,
          uniq_frederick
Depths:4: minmay_the_grid_square_5x5_5x5 [minmay_the_grid_square_5x5_tie,
          minmay_the_grid_square_5x5_two_small,
          minmay_the_grid_square_5x5_shuriken,
          minmay_the_grid_square_5x5_inner_z, minmay_the_grid_square_5x5_slash,
          minmay_the_grid_square_5x5_detours,
          minmay_the_grid_square_5x5_prize_monsterx,
          minmay_the_grid_square_5x5_pentomino_r,
          minmay_the_grid_square_5x5_prize_open,
          minmay_the_grid_square_5x5_minivault,
          minmay_the_grid_square_5x5_fancy_junction,
          minmay_the_grid_square_5x5_minibox,
          minmay_the_grid_square_5x5_prize_snowflake,
          minmay_the_grid_square_5x5_two_walls_b,
          minmay_the_grid_square_5x5_tetrominoes,
          minmay_the_grid_square_5x5_tri_point,
          minmay_the_grid_square_5x5_prize_deathbox,
          minmay_the_grid_square_5x5_three_small,
          minmay_the_grid_square_5x5_prize_itemx,
          minmay_the_grid_square_5x5_meh, minmay_the_grid_square_5x5_longway,
          minmay_the_grid_square_5x5_shrine1, minmay_the_grid_square_5x5_v,
          minmay_the_grid_square_5x5_checkered_statues,
          minmay_the_grid_square_5x5_three], layout_basic, hell_entry,
          abyss_entry_crystal

Notes
Turn   | Place    | Note
-------+----------+-------------------------------------------
     0 | D:1      | Sobieck the Draconian Fire Elementalist began the quest for
                  | the Orb.
     0 | D:1      | Reached XP level 1. HP: 14/14 MP: 3/3
     0 | D:1      | magus.rc [v1.9.6]
   348 | D:1      | Reached skill level 2 in Stealth
   549 | D:1      | Reached XP level 2. HP: 22/22 MP: 1/5
   990 | D:1      | Reached skill level 1 in Fighting
  1471 | D:1      | Reached XP level 3. HP: 28/28 MP: 3/6
  1636 | D:1      | You pick up a book of Cantrips and begin reading...
  1636 | D:1      | You add the spells Corona, Animate Skeleton, Summon Small
                  | Mammal and Apportation to your library.
  1792 | D:2      | Reached skill level 2 in Conjurations
  2328 | D:3      | Noticed Grinder
  2707 | D:2      | Reached XP level 4. HP: 31/35 MP: 8/8
  2773 | D:2      | You pick up a book of Air and begin reading...
  2773 | D:2      | You add the spells Shock, Static Discharge, Swiftness,
                  | Airstrike and Lightning Bolt to your library.
  3370 | D:3      | Reached skill level 3 in Stealth
  3586 | D:3      | Reached skill level 3 in Spellcasting
  3586 | D:3      | Reached skill level 3 in Conjurations
  3789 | D:5      | Entered Level 5 of the Dungeon
  3819 | D:3      | Reached XP level 5. HP: 26/40 MP: 2/9
  4045 | D:3      | Reached skill level 1 in Short Blades
  4045 | D:3      | Reached skill level 1 in Evocations
  4132 | D:3      | Learned a level 4 spell: Sticky Flame
  5167 | D:4      | Found a sparkling altar of Nemelex Xobeh.
  5372 | D:4      | Noticed an ogre
  5401 | D:3      | Reached XP level 6. HP: 39/47 MP: 8/10
  5635 | D:4      | Found Foqatit's Antique Weapon Shoppe.
  5718 | D:4      | Reached skill level 2 in Short Blades
  5718 | D:4      | Reached skill level 1 in Shields
  5718 | D:4      | Reached skill level 2 in Evocations
  6179 | D:5      | Reached skill level 4 in Conjurations
  6179 | D:5      | Reached skill level 4 in Fire Magic
  6214 | D:5      | Noticed a sky beast
  6232 | D:5      | Killed a sky beast
  6233 | D:5      | Reached skill level 2 in Shields
  6233 | D:5      | Your scales start taking on a fiery red colour.
  6233 | D:5      | Reached XP level 7. HP: 52/52 MP: 0/11
  6233 | D:5      | Gained mutation: Your flesh is heat resistant. (rF+) [Red
                  | Draconian growth]
  6582 | D:5      | Reached skill level 3 in Evocations
  7078 | D:5      | Reached skill level 3 in Shields
  7461 | D:6      | Noticed a steam dragon
  7486 | D:6      | Killed a steam dragon
  7487 | D:6      | Reached skill level 4 in Shields
  7487 | D:6      | Reached skill level 5 in Conjurations
  7487 | D:6      | Reached skill level 4 in Evocations
  7487 | D:6      | Reached XP level 8. HP: 42/59 MP: 1/12
  7588 | D:6      | Reached skill level 2 in Dodging
  7588 | D:6      | Reached skill level 5 in Fire Magic
  7639 | D:6      | You pick up a book of Necromancy and begin reading...
  7639 | D:6      | You add the spells Pain, Vampiric Draining, Animate Dead
                  | and Agony to your library.
  7681 | D:7      | Reached skill level 7 in Fire Magic
  7766 | D:6      | Reached skill level 2 in Fighting
  7902 | D:6      | You pick up a book of Frost and begin reading...
  7902 | D:6      | You add the spells Freeze, Frozen Ramparts, Ozocubu's
                  | Armour, Hailstorm and Metabolic Englaciation to your
                  | library.
  7909 | D:6      | Learned a level 5 spell: Fireball
  8029 | D:6      | Reached skill level 3 in Fighting
  8181 | D:6      | Found a staircase to the Ecumenical Temple.
  8190 | Temple   | Entered the Ecumenical Temple
  8313 | Temple   | Became a worshipper of Elyvilon the Healer
  8562 | D:7      | Noticed Prince Ribbit
  8570 | D:7      | Killed Prince Ribbit
  8571 | D:7      | Reached skill level 4 in Fighting
  8571 | D:7      | Reached skill level 3 in Short Blades
  8571 | D:7      | Reached skill level 8 in Fire Magic
  8571 | D:7      | Reached XP level 9. HP: 71/71 MP: 5/13
  8943 | D:7      | Noticed Maggie
  8957 | D:7      | Killed Maggie
  8958 | D:7      | Reached skill level 5 in Fighting
  8958 | D:7      | Reached skill level 4 in Short Blades
  9120 | D:7      | Reached * piety under Elyvilon
  9394 | D:6      | Reached skill level 1 in Invocations
  9848 | D:8      | Identified the ring "Wotouc" {+Blink Fly rC+ Will+}
 10035 | D:8      | Reached skill level 4 in Spellcasting
 10319 | D:8      | Reached ** piety under Elyvilon
 10351 | D:8      | Reached skill level 2 in Invocations
 10738 | D:9      | Noticed a two-headed ogre
 10744 | D:9      | Killed a two-headed ogre
 10745 | D:9      | Reached skill level 5 in Short Blades
 10745 | D:9      | Reached skill level 3 in Dodging
 10745 | D:9      | Reached skill level 6 in Conjurations
 10745 | D:9      | Reached XP level 10. HP: 81/81 MP: 10/17
 10876 | D:9      | Reached skill level 5 in Spellcasting
 10876 | D:9      | Reached skill level 3 in Invocations
 10879 | D:9      | Noticed Maurice
 11562 | D:10     | Entered Level 10 of the Dungeon
 11871 | D:9      | Killed Maurice
 11872 | D:9      | Reached skill level 6 in Short Blades
 11872 | D:9      | Reached skill level 4 in Invocations
 12150 | D:9      | Noticed a two-headed ogre
 12205 | D:9      | Killed a two-headed ogre
 12556 | D:10     | Reached skill level 6 in Fighting
 12837 | D:10     | Reached skill level 7 in Conjurations
 12837 | D:10     | Reached skill level 9 in Fire Magic
 12926 | D:10     | You add the spells Sting, Poisonous Vapours, Mephitic
                  | Cloud, Ignite Poison and Olgreb's Toxic Radiance to your
                  | library.
 12944 | D:10     | Noticed a two-headed ogre
 12954 | D:10     | Killed a two-headed ogre
 12955 | D:10     | Reached skill level 5 in Invocations
 13219 | D:10     | Reached *** piety under Elyvilon
 13226 | D:10     | Found a staircase to the Lair.
 13244 | D:10     | Identified the +1 robe of the Meadowlark {rPois}
 13246 | D:10     | Reached XP level 11. HP: 91/91 MP: 11/18
 13269 | D:10     | Reached skill level 7 in Fighting
 13580 | D:11     | Found a flagged portal.
 13583 | D:11     | Found a staircase to the Orcish Mines.
 13609 | Bailey   | Entered a bailey
 13871 | Bailey   | Reached skill level 7 in Short Blades
 13983 | Bailey   | Reached skill level 10 in Fire Magic
 15495 | D:11     | Noticed a two-headed ogre
 15520 | D:11     | Reached skill level 6 in Invocations
 15630 | D:11     | Killed a two-headed ogre
 15631 | D:11     | Reached skill level 8 in Fighting
 16357 | D:11     | Noticed a purple ugly thing
 16372 | D:11     | Killed a purple ugly thing
 16373 | D:11     | Reached skill level 6 in Spellcasting
 16812 | D:11     | Reached **** piety under Elyvilon
 16822 | D:13     | Noticed a seven-headed hydra
 16829 | D:13     | Killed a seven-headed hydra
 16830 | D:13     | Reached skill level 4 in Dodging
 16845 | D:14     | Noticed a centaur warrior
 16854 | D:13     | Killed a centaur warrior
 16974 | D:11     | Reached skill level 8 in Short Blades
 17365 | D:11     | Reached skill level 9 in Fighting
 17365 | D:11     | Reached skill level 7 in Invocations
 17441 | D:11     | Noticed a two-headed ogre
 17462 | D:11     | Killed a two-headed ogre
 17463 | D:11     | Reached skill level 8 in Conjurations
 17463 | D:11     | Reached XP level 12. HP: 96/104 MP: 19/21
 18144 | D:11     | Learned a level 4 spell: Olgreb's Toxic Radiance
 18148 | D:11     | Learned a level 3 spell: Ignite Poison
 18175 | D:12     | Found Yhonojoa's Book Shoppe.
 18499 | D:12     | Reached ***** piety under Elyvilon
 18504 | D:12     | Noticed a boulder beetle
 18525 | D:12     | Reached skill level 1 in Poison Magic
 18525 | D:12     | Killed a boulder beetle
 18526 | D:12     | Reached skill level 10 in Fighting
 18526 | D:12     | Reached skill level 5 in Dodging
 18752 | D:12     | Reached skill level 2 in Poison Magic
 19149 | D:12     | You pick up a book of Minor Magic and begin reading...
 19149 | D:12     | You add the spells Magic Dart, Blink, Call Imp and Slow to
                  | your library.
 19182 | D:12     | Reached skill level 3 in Poison Magic
 19547 | D:12     | HP: 20/106 [+6 long sword (17)]
 19663 | Lair:1   | Entered Level 1 of the Lair of Beasts
 19865 | Lair:1   | Upgraded the game from 0.27-a0-1154-gfdeffcb720 to
                  | 0.27-a0-1158-gaa87e14f67
 19865 | Lair:1   | magus.rc [v1.9.6]
 19869 | Lair:1   | Learned a level 3 spell: Frozen Ramparts
 19873 | Lair:1   | Learned a level 3 spell: Ozocubu's Armour
 20084 | Lair:1   | Reached skill level 4 in Poison Magic
 20084 | Lair:1   | Reached skill level 8 in Invocations
 20550 | Lair:1   | Identified a potion of experience
 20551 | Lair:1   | Reached skill level 11 in Fighting
 20551 | Lair:1   | Reached skill level 9 in Short Blades
 20551 | Lair:1   | Reached skill level 6 in Poison Magic
 20551 | Lair:1   | Reached XP level 13. HP: 117/117 MP: 22/22
 20734 | Lair:2   | Reached skill level 1 in Ice Magic
 21307 | Lair:2   | Reached skill level 10 in Short Blades
 21383 | Lair:2   | Reached skill level 7 in Poison Magic
 21829 | Lair:3   | Noticed Gastronok
 21839 | Lair:3   | Killed Gastronok
 21840 | Lair:3   | Reached skill level 2 in Ice Magic
 22200 | Lair:3   | Found a white marble altar of Elyvilon.
 22378 | Lair:3   | Reached ****** piety under Elyvilon
 22378 | Lair:3   | Found a hide-covered altar of Uskayaw.
 22379 | Lair:3   | Found an ornate altar of the Wu Jian Council.
 22383 | Lair:3   | Reached skill level 11 in Fire Magic
 22940 | Lair:3   | Reached skill level 3 in Ice Magic
 23188 | Lair:3   | Reached skill level 12 in Fire Magic
 23320 | Lair:3   | Reached skill level 12 in Fighting
 23403 | Lair:3   | Found a staircase to the Shoals.
 23412 | Lair:3   | Reached XP level 14. HP: 126/126 MP: 7/23
 24051 | Lair:4   | Found a hole to the Spider Nest.
 24496 | Lair:4   | Reached skill level 13 in Fighting
 24502 | Lair:4   | Reached skill level 7 in Spellcasting
 24817 | Lair:4   | Noticed Urug
 24924 | Lair:4   | Reached skill level 8 in Spellcasting
 25022 | Lair:4   | Killed Urug
 25024 | Lair:4   | K - a +2 double sword of electrocution {longrare=g}
 25537 | Lair:6   | Entered Level 6 of the Lair of Beasts
 25823 | Orc:1    | Entered Level 1 of the Orcish Mines
 25985 | Orc:1    | Noticed Erica
 25986 | Orc:1    | Reached skill level 14 in Fighting
 26001 | Orc:1    | Killed Erica
 26543 | Orc:1    | Reached skill level 4 in Ice Magic
 26543 | Orc:1    | Reached skill level 1 in Long Blades
 26728 | Orc:1    | Reached skill level 2 in Long Blades
 27071 | D:4      | Bought the +8 autumn katana {vorpal, Clar} for 1588 gold
                  | pieces
 27071 | D:4      | Found the +8 autumn katana {vorpal, Clar}
 27717 | Orc:2    | Entered Level 2 of the Orcish Mines
 28028 | Temple   | Fell from the grace of Elyvilon
 28028 | Temple   | Became a worshipper of the Shining One
 28028 | Temple   | Reached * piety under the Shining One
 28028 | Temple   | Reached ** piety under the Shining One
 28028 | Temple   | Reached *** piety under the Shining One
 28371 | Orc:2    | Reached skill level 3 in Long Blades
 28717 | Orc:2    | Reached **** piety under the Shining One
 29014 | Orc:2    | Reached skill level 4 in Long Blades
 29244 | Orc:2    | Reached skill level 6 in Dodging
 29251 | Orc:2    | Reached ***** piety under the Shining One
 29511 | Orc:2    | Reached skill level 5 in Long Blades
 29717 | Orc:2    | Found a staircase to the Elven Halls.
 29722 | Orc:2    | Reached skill level 7 in Dodging
 29732 | Orc:2    | Reached skill level 6 in Long Blades
 30097 | Orc:2    | Found Caabaze's Magic Scroll Shoppe.
 30100 | Orc:2    | Found Dilid's General Store.
 30103 | Orc:2    | Found Duenk's Antique Armour Shoppe.
 30104 | Orc:2    | Found Qucw's General Store.
 30111 | Orc:2    | Bought a scroll of enchant armour for 127 gold pieces
 30112 | Orc:2    | Bought a scroll of blinking for 112 gold pieces
 30112 | Orc:2    | Bought a scroll of blinking for 112 gold pieces
 30112 | Orc:2    | Bought a scroll of blinking for 112 gold pieces
 30112 | Orc:2    | Bought a scroll of enchant weapon for 112 gold pieces
 30112 | Orc:2    | Bought a scroll of enchant weapon for 112 gold pieces
 30112 | Orc:2    | Bought a scroll of identify for 30 gold pieces
 30112 | Orc:2    | Bought a scroll of identify for 30 gold pieces
 30533 | Lair:5   | Reached skill level 7 in Long Blades
 30536 | Lair:5   | HP: 32/132 [poisoned by a cane toad]
 30541 | Lair:5   | HP: 26/132 [poisoned by a cane toad]
 30919 | Lair:5   | Reached XP level 15. HP: 130/138 MP: 7/27
 31038 | Lair:5   | Reached skill level 8 in Long Blades
 31412 | Lair:5   | Reached skill level 9 in Long Blades
 31935 | Lair:6   | your +2 double sword of electrocution {longrare=g} is
                  | engulfed in flames!
 31935 | Lair:6   | K - a +2 double sword of flaming {longrare=g}
 32488 | Lair:6   | Reached skill level 10 in Long Blades
 32631 | Lair:6   | Found a staircase to the Slime Pits.
 32632 | Lair:6   | Found a viscous altar of Jiyva.
 33669 | D:13     | Found a gate to the Vaults.
 33849 | D:13     | Reached skill level 5 in Shields
 34134 | D:13     | Found Qisisil's Magic Scroll Boutique.
 34143 | D:13     | Bought a scroll of enchant armour for 142 gold pieces
 34143 | D:13     | Bought a scroll of enchant weapon for 142 gold pieces
 34278 | D:13     | Reached ****** piety under the Shining One
 34538 | D:14     | Reached skill level 6 in Shields
 34686 | D:15     | Entered Level 15 of the Dungeon
 35001 | D:15     | Found a gate leading to a gauntlet.
 35010 | Gauntlet | Entered a Gauntlet
 35010 | Gauntlet | Found a transporter.
 35010 | Gauntlet | Found a runed translucent door.
 35010 | Gauntlet | Found a transporter.
 35010 | Gauntlet | Found a transporter.
 35010 | Gauntlet | Found a runed translucent door.
 35085 | Gauntlet | Found a transporter.
 35086 | Gauntlet | Found a transporter.
 35089 | Gauntlet | Found a transporter.
 35096 | Gauntlet | Found a transporter.
 35098 | Gauntlet | Found a transporter.
 35100 | Gauntlet | Found a transporter.
 35100 | Gauntlet | Found a transporter.
 35108 | Gauntlet | Found a transporter.
 35108 | Gauntlet | Found a transporter.
 35285 | Gauntlet | Identified the amulet of Urghuz {Reflect Rampage rC- rCorr
                  | Slay+3 SH+5}
 35300 | Gauntlet | Reached skill level 7 in Shields
 35300 | Gauntlet | Reached skill level 9 in Conjurations
 35311 | Gauntlet | Reached skill level 8 in Dodging
 35348 | Gauntlet | Identified the +2 cloak of Winter {SInv}
 35417 | Gauntlet | Identified the Reference Book on the Flamy Traveller
 35418 | Gauntlet | You add the spells Bolt of Magma, Malign Gateway and
                  | Disjunction to your library.
 35812 | D:14     | Reached skill level 8 in Shields
 36153 | D:14     | Reached skill level 9 in Shields
 36436 | D:14     | Reached skill level 9 in Dodging
 36571 | D:14     | Reached XP level 16. HP: 138/146 MP: 28/28
 36614 | D:14     | You are sucked into a shaft and drop 1 floor!
 36643 | D:14     | Paralysed by a floating eye for 2 turns
 36651 | D:14     | Paralysed by a floating eye for 2 turns
 36655 | D:14     | Reached skill level 10 in Shields
 37589 | D:15     | Reached skill level 11 in Shields
 38021 | D:15     | You pick up a book of Fire and begin reading...
 38021 | D:15     | You add the spells Starburst and Ignition to your library.
 38148 | D:15     | Found a staircase to the Depths.
 38301 | D:15     | Learned a level 8 spell: Ignition
 38558 | Elf:1    | Entered Level 1 of the Elven Halls
 38975 | Elf:1    | Reached skill level 12 in Shields
 39333 | Elf:1    | You pick up a book of Flames and begin reading...
 39351 | Elf:1    | Reached skill level 9 in Invocations
 39847 | Elf:1    | Reached skill level 13 in Shields
 39847 | Elf:1    | Reached skill level 13 in Fire Magic
 39849 | Elf:1    | Reached skill level 10 in Dodging
 39941 | Elf:1    | magus.rc [v1.9.6]
 41172 | Spider:1 | Entered Level 1 of the Spider Nest
 41419 | Spider:1 | magus.rc [v1.9.6]
 41432 | Spider:1 | You pick up a book of Minor Magic and begin reading...
 41522 | Spider:2 | Identified a +2 robe of the Archmagi
 41522 | Spider:2 | Noticed Jorgrun
 41527 | Spider:2 | Killed Jorgrun
 42373 | Spider:1 | Reached skill level 14 in Shields
 42709 | Spider:2 | Noticed Aizul
 42724 | Spider:2 | Killed Aizul
 42725 | Spider:2 | Reached skill level 14 in Fire Magic
 42891 | Spider:2 | magus.rc [v1.9.6]
 42931 | Spider:2 | Identified Roxanne's Reference Book on the Rocks
 42931 | Spider:2 | Noticed Roxanne
 43000 | Spider:2 | Reached XP level 17. HP: 152/152 MP: 21/29
 43306 | Spider:2 | Killed Roxanne
 43318 | Spider:2 | You add the spells Sandblast, Passwall and Statue Form to
                  | your library.
 43437 | Spider:3 | Noticed Kirke
 43439 | Spider:3 | Noticed Bai Suzhen
 43590 | Spider:3 | magus.rc [v1.9.6]
 44213 | Spider:3 | Reached skill level 15 in Fire Magic
 44295 | Spider:3 | Reached skill level 15 in Shields
 45096 | Spider:3 | Reached skill level 16 in Fire Magic
 45317 | Spider:3 | Killed Kirke
 45716 | Shoals:1 | Entered Level 1 of the Shoals
 46011 | Spider:2 | Killed Bai Suzhen
 46129 | Spider:3 | Reached skill level 17 in Fire Magic
 46891 | Spider:4 | Entered Level 4 of the Spider Nest
 47438 | Spider:4 | You pick up a book of the Tempests and begin reading...
 47438 | Spider:4 | You add the spells Tornado and Shatter to your library.
 47579 | Spider:4 | You pick up a book of Death {forbidden} and begin
                  | reading...
 47579 | Spider:4 | You add the spells Corpse Rot, Sublimation of Blood, Dispel
                  | Undead and Excruciating Wounds to your library.
 47875 | Spider:4 | Reached skill level 18 in Fire Magic
 47974 | Spider:4 | Reached XP level 18. HP: 153/160 MP: 25/30
 48591 | Spider:4 | Noticed Asterion
 48682 | Spider:4 | Killed Asterion
 49429 | Spider:4 | Reached skill level 19 in Fire Magic
 49615 | Spider:4 | Got a gossamer rune of Zot
 49635 | Spider:4 | magus.rc [v1.9.6]
 51258 | Shoals:1 | magus.rc [v1.9.6]
 51548 | Shoals:1 | magus.rc [v1.9.6]
 51762 | Shoals:2 | Reached skill level 20 in Fire Magic
 52441 | Shoals:4 | Entered Level 4 of the Shoals
 52446 | Shoals:4 | Reached skill level 9 in Spellcasting
 54148 | Shoals:3 | Learned a level 6 spell: Statue Form
 54293 | Shoals:3 | Identified the Disquisition on Air and Transmigration
 54294 | Shoals:3 | You add the spells Irradiate, Hydra Form and Freezing Cloud
                  | to your library.
 54548 | Shoals:4 | Reached skill level 1 in Transmutations
 54548 | Shoals:4 | Reached skill level 1 in Earth Magic
 54578 | Shoals:3 | Noticed Polyphemus
 54720 | Shoals:3 | You pick up a book of Death {forbidden} and begin
                  | reading...
 55425 | Shoals:3 | Killed Polyphemus
 55426 | Shoals:3 | Reached XP level 19. HP: 134/167 MP: 32/32
 55537 | Shoals:4 | Reached skill level 2 in Transmutations
 55537 | Shoals:4 | Reached skill level 2 in Earth Magic
 55547 | Shoals:4 | Reached skill level 10 in Spellcasting
 56271 | Shoals:4 | Reached skill level 3 in Transmutations
 56273 | Shoals:4 | Reached skill level 3 in Earth Magic
 56356 | Shoals:4 | Noticed Ilsuiw
 56371 | Shoals:4 | Killed Ilsuiw
 56700 | Shoals:4 | Reached skill level 21 in Fire Magic
 57132 | Shoals:4 | Reached skill level 4 in Transmutations
 57132 | Shoals:4 | Reached skill level 4 in Earth Magic
 57718 | Shoals:4 | Got a barnacled rune of Zot
 58556 | Shoals:4 | Learned a level 5 spell: Irradiate
 58767 | Vaults:1 | Entered Level 1 of the Vaults
 58775 | Vaults:1 | Reached skill level 5 in Transmutations
 58775 | Vaults:1 | Reached skill level 5 in Earth Magic
 59548 | Vaults:1 | Reached skill level 11 in Spellcasting
 59565 | Vaults:1 | Reached skill level 6 in Transmutations
 59565 | Vaults:1 | Reached skill level 6 in Earth Magic
 61008 | Vaults:1 | Reached skill level 7 in Transmutations
 61008 | Vaults:1 | Reached skill level 7 in Earth Magic
 61639 | Elf:3    | Entered Level 3 of the Elven Halls
 62018 | Elf:2    | Reached XP level 20. HP: 100/174 MP: 35/35
 62529 | Elf:2    | Reached skill level 8 in Transmutations
 62529 | Elf:2    | Reached skill level 8 in Earth Magic
 62555 | Elf:2    | Found a runed translucent gate.
 62555 | Elf:2    | Found a runed translucent gate.
 62555 | Elf:2    | Found a runed translucent gate.
 63222 | Elf:3    | Found Ohomiofu's Magic Scroll Shoppe.
 63229 | Elf:3    | Bought a scroll of blinking for 105 gold pieces
 63787 | Elf:3    | Found a runed translucent gate.
 63788 | Elf:3    | Found a runed translucent gate.
 63788 | Elf:3    | Found an opulent altar of Gozag.
 63789 | Elf:3    | Found a runed translucent gate.
 63790 | Elf:3    | Noticed Gerad's ghost (veteran VSAK)
 63967 | Elf:3    | a deep elf annihilator comes into view. It is wielding the
                  | +10 dark maul {vorpal}.
 63973 | Elf:3    | You are cast into the Abyss!
 63973 | Elf:3    | Cast into level 3 of the Abyss (a deep elf sorcerer)
 64117 | Abyss:3  | Reached skill level 9 in Earth Magic
 64131 | Abyss:3  | Reached skill level 9 in Transmutations
 64284 | Abyss:3  | Found a corrupted altar of Lugonu.
 64409 | Abyss:3  | Noticed a bone dragon
 64427 | Abyss:3  | Killed a bone dragon
 64476 | Abyss:3  | Noticed a bone dragon
 64478 | Elf:3    | You pass through the gate.
 64478 | Elf:3    | Escaped the Abyss
 64488 | Elf:3    | Identified the +10 short sword "Mytihucs" {elec, rElec rF+
                  | Str+4}
 64490 | Elf:3    | Identified the +11 war axe "Puepoebo" {vorpal, rF+ Will+}
 64490 | Elf:3    | Identified the amulet "Ybbatic" {Acrobat Harm Int+4 SInv}
 64496 | Elf:3    | Reached skill level 12 in Spellcasting
 64496 | Elf:3    | Reached skill level 10 in Transmutations
 64496 | Elf:3    | Reached skill level 10 in Earth Magic
 64897 | Elf:3    | Identified the +8 broad axe of Juowyluakh {pain, *Noise
                  | Str+3}
 64897 | Elf:3    | Identified the +1 scale mail of Hoprust {*Corrode rC+ Will+
                  | Dex+5}
 64975 | Elf:3    | You pick up a book of Dreams and begin reading...
 64975 | Elf:3    | You add the spells Ensorcelled Hibernation, Borgnjor's Vile
                  | Clutch, Silence and Shadow Creatures to your library.
 65005 | Elf:3    | You pick up a book of Ice and begin reading...
 65005 | Elf:3    | You add the spells Ice Form, Summon Ice Beast, Simulacrum
                  | and Ozocubu's Refrigeration to your library.
 65063 | Elf:3    | Identified the +0 scale mail of Love and Death {Str+4}
 65838 | Vaults:1 | Reached skill level 13 in Spellcasting
 66493 | Vaults:1 | magus.rc [v1.9.6]
 66527 | Vaults:1 | magus.rc [v1.9.6]
 66640 | Vaults:1 | magus.rc [v1.9.6]
 67097 | Vaults:2 | Reached XP level 21. HP: 181/181 MP: 34/38
 67283 | Vaults:2 | Found a runed translucent door.
 67283 | Vaults:2 | Noticed Strat's ghost (adept SpDe)
 67422 | Vaults:2 | Reached skill level 14 in Spellcasting
 67473 | Vaults:2 | Reached skill level 15 in Fighting
 67902 | Vaults:1 | Learned a level 9 spell: Shatter
 68297 | Vaults:2 | Found a staircase to the Crypt.
 68613 | Vaults:3 | Paralysed by a great orb of eyes for 5 turns
 69353 | Vaults:3 | You are cast into the Abyss!
 69353 | Vaults:3 | Cast into level 2 of the Abyss (a wizard)
 69471 | Abyss:2  | Reached skill level 11 in Earth Magic
 69673 | Vaults:3 | You pass through the gate.
 69673 | Vaults:3 | Escaped the Abyss
 70140 | Vaults:3 | Found Emioc's Magic Scroll Boutique.
 70148 | Vaults:3 | Bought a scroll of enchant armour for 157 gold pieces
 70349 | Vaults:4 | Reached skill level 16 in Fighting
 70516 | Vaults:3 | Reached skill level 12 in Earth Magic
 70860 | Vaults:3 | Reached skill level 15 in Spellcasting
 71114 | Vaults:4 | Noticed Jory
 71124 | Vaults:4 | Killed Jory
 71262 | Vaults:4 | Identified a +1 robe of the Archmagi
 71262 | Vaults:4 | Noticed Mara
 71275 | Vaults:4 | Killed Mara
 71278 | Vaults:4 | Identified a +9 eudemon blade of holy wrath {forbiddenlong}
                  | (a +8 demon blade of electrocution {forbiddenlong} blessed
                  | by the Shining One)
 71278 | Vaults:4 | Received a gift from the Shining One
 71280 | Vaults:4 | You drop a +2 double sword of flaming {longrare=g}.
 71290 | Vaults:4 | Reached XP level 22. HP: 95/195 MP: 29/41
 71309 | Vaults:4 | K - a +2 double sword of flaming {longrare=g}
 71891 | Vaults:4 | You pick up a book of Unlife {forbidden} and begin
                  | reading...
 71901 | Vaults:4 | Noticed Mennas
 71933 | Vaults:4 | Killed Mennas
 71950 | Vaults:4 | Reached skill level 13 in Earth Magic
 71991 | Vaults:4 | Noticed Saint Roka
 72002 | Vaults:4 | Killed Saint Roka
 72226 | Vaults:4 | Found Peciczust's Antique Armour Emporium.
 73151 | Depths:1 | Entered Level 1 of the Depths
 73211 | Depths:1 | Found a gateway to Hell.
 73308 | Depths:1 | Found a one-way gate to the infinite horrors of the Abyss.
 73430 | Depths:1 | Found a gateway to a ziggurat.
 73434 | Depths:1 | Identified the Almanac of the Robin
 73435 | Depths:1 | You add the spells Stone Arrow and Petrify to your library.
 73622 | Depths:1 | Reached skill level 14 in Earth Magic
 73677 | Depths:1 | Found a magical portal.
 73813 | Depths:1 | Found an ornate altar of the Wu Jian Council.
 73887 | Depths:2 | Reached skill level 17 in Fighting
 74077 | Depths:1 | Found a burning altar of Makhleb.
 74099 | Depths:1 | Found a glowing golden altar of the Shining One.
 74227 | Depths:2 | Upgraded the game from 0.27-a0-1158-gaa87e14f67 to
                  | 0.27-a0-1177-g245c70e1c0
 74227 | Depths:2 | magus.rc [v1.9.6]
 74889 | Depths:4 | Reached skill level 15 in Earth Magic
 74994 | Depths:2 | Reached skill level 16 in Spellcasting
 75539 | Depths:2 | Reached XP level 23. HP: 205/205 MP: 38/43
 75723 | Depths:2 | Found a one-way gate leading to the halls of Pandemonium.
 75732 | Depths:2 | Found a glowing golden altar of the Shining One.
 75932 | Depths:2 | Reached skill level 16 in Earth Magic
 76202 | Depths:3 | your +2 double sword of flaming {longrare=g} glows red for
                  | a moment.
 76203 | Depths:3 | your +3 double sword of flaming {longrare=g} glows red for
                  | a moment.
 76204 | Depths:3 | your +4 double sword of flaming {longrare=g} glows red for
                  | a moment.
 76205 | Depths:3 | your +5 double sword of flaming {longrare=g} glows red for
                  | a moment.
 76206 | Depths:3 | your +6 double sword of flaming {longrare=g} glows red for
                  | a moment.
 76540 | Depths:3 | You pick up a book of Minor Magic and begin reading...
 76552 | Depths:3 | Found a shadowy altar of Dithmenos.
 76571 | Depths:3 | your +7 double sword of flaming {longrare=g} glows red for
                  | a moment.
 76768 | Depths:3 | Found a basalt altar of Yredelemnul.
 76809 | Depths:3 | Identified the ring "Jetinogg" {rPois Str+6 Int-4 Dex+3}
 76851 | Depths:3 | Reached skill level 17 in Earth Magic
 77085 | Depths:3 | HP: 63/266 [iron troll (17)]
 77085 | Depths:3 | HP: 23/266 [hell knight/+4 vorpal glaive (15)]
 77091 | Depths:3 | +0 storm dragon scales {rare}; a storm dragon skeleton
 77096 | Depths:3 | Killed from afar by an iron dragon

Vanquished Creatures
  Jory (Vaults:4)
  A bone dragon (Abyss:3)
  Jorgrun (Spider:2)
  A quicksilver dragon (Depths:3)
  5 liches
  A deep elf master archer (Elf:3)
  A deep elf blademaster (Elf:3)
  An ancient champion (Depths:2)
  Polyphemus (Shoals:3)
  2 sphinxes
  A tentacled starspawn (Abyss:2)
  Gastronok (Lair:3)
  Kirke (Spider:3)
  A shadow dragon (Depths:3)
  An Executioner (Abyss:2)
  A kraken (Shoals:4)
  Roxanne (Spider:2)
  A storm dragon (Depths:3)
  Ilsuiw (Shoals:4)
  2 tengu reavers
  4 ghost moths (Spider:4)
  8 vault wardens
  3 frost giants
  2 balrugs
  7 emperor scorpions
  2 fire giants
  9 deep elf sorcerers
  A ghoul (D:13)
  Aizul (Spider:2)
  15 ironbound preservers
  3 deep elf elementalists (Elf:3)
  24 very ugly things
  A reaper (Depths:3)
  12 stone giants
  3 war gargoyles
  4 deep elf demonologists (Elf:3)
  A vampire knight (Depths:1)
  5 deep elf annihilators (Elf:3)
  2 entropy weavers
  4 dire elephants (Vaults:1)
  5 spark wasps
  A minotaur (Gauntlet)
  5 merfolk javelineers
  10 merfolk impalers
  A deep elf death mage (Elf:3)
  A blizzard demon (Depths:2)
  3 ettins
  6 deep elf high priests
  2 crystal guardians
  4 fire dragons
  4 yaktaur captains
  7 great orbs of eyes
  2 naga warriors (Abyss:3)
  9 ice dragons
  2 vault guards
  8 hydras
  8 ironbound thunderhulks
  2 catoblepae
  Erica (Orc:1)
  2 anacondas (Lair:5)
  3 peacekeepers
  An alligator snapping turtle (Shoals:3)
  10 boulder beetles
  A hell beast (Depths:2)
  8 ironbound frosthearts
  A rakshasa (Abyss:3)
  15 centaur warriors
  6 two-headed ogres
  18 dancing weapons
  3 merfolk avatars
  8 satyrs
  9 merfolk aquamancers
  5 death yaks
  5 deep troll shamans
  26 tengu warriors
  3 hell hogs
  A shock serpent (shapeshifter) (Elf:2)
  6 orc high priests
  Urug (Lair:4)
  6 ironbound beastmasters
  2 vampire magi
  3 soul eaters (Depths:3)
  14 deep elf knights
  3 spriggan berserkers
  3 sun demons (Depths:3)
  3 thrashing horrors (Abyss:3)
  7 wretched stars
  6 hell knights (Depths:2)
  3 iron trolls
  A spark wasp zombie (Spider:3)
  3 shadow wraiths
  8 sea snakes
  8 skeletal warriors
  A spatial maelstrom (Abyss:3)
  A flayed ghost (Depths:3)
  2 glowing orange brains (Depths:3)
  A swamp dragon (Lair:6)
  8 lindwurms
  50 deep trolls
  2 harpies (shapeshifter)
  16 harpies
  11 ironbound convokers
  20 deep elf pyromancers
  4 wolf spider zombies (Spider:3)
  6 wizards
  7 deep elf archers
  10 orc knights
  A phantasmal warrior (Vaults:2)
  6 necromancers
  25 deep elf zephyrmancers
  A stone giant zombie (Depths:2)
  26 wolf spiders
  A fire giant zombie (Depths:2)
  33 fauns
  An orb spider (shapeshifter) (Elf:3)
  43 ugly things
  2 salamanders (shapeshifter)
  8 cyclopes
  13 manticores
  A frost giant zombie (Depths:2)
  16 orb spiders
  A salamander (Depths:1)
  3 oklob plants (D:14)
  3 moths of wrath
  2 worldbinders
  9 elephants
  12 merfolk sirens
  3 black mambas (Lair:5)
  A fire giant skeleton (Depths:2)
  A rust devil (Abyss:2)
  8 water nymphs
  Maurice (D:9)
  An apocalypse crab (Abyss:2)
  A black mamba (shapeshifter) (D:15)
  A guardian serpent (Abyss:3)
  9 vault sentinels
  2 torpor snails
  4 smoke demons
  8 cane toads
  3 gargoyles
  An orange demon (Abyss:2)
  An unseen horror (Abyss:3)
  2 kobold demonologists
  Maggie (D:7)
  A cane toad (shapeshifter) (Elf:3)
  A komodo dragon (shapeshifter) (Depths:3)
  8 komodo dragons
  3 efreet
  An emperor scorpion zombie (Spider:3)
  4 freezing wraiths
  19 demonic crawlers
  12 yaktaurs
  A redback zombie (Spider:3)
  3 rime drakes
  20 jumping spiders
  2 ancient zymes
  5 tengu conjurers
  30 merfolk
  A queen bee (shapeshifter) (D:15)
  8 wind drakes
  A queen bee (Abyss:3)
  A jumping spider (shapeshifter) (Elf:2)
  7 large abominations
  6 trolls
  11 hornets
  A polar bear (shapeshifter) (Abyss:3)
  4 polar bears
  3 jumping spider zombies (Spider:3)
  5 blink frogs (Lair:5)
  4 meliai (Abyss:3)
  32 slime creatures
  A tarantella zombie (Spider:3)
  Prince Ribbit (D:7)
  5 raiju (Abyss:3)
  10 snapping turtles
  13 dream sheep
  A centaur simulacrum (D:14)
  A flying skull (Abyss:3)
  60 redbacks
  19 tarantellas
  A shadow (D:11)
  A vampire (D:10)
  2 ynoxinuls
  6 air elementals
  2 wraiths
  9 wyverns
  5 basilisks
  19 water elementals
  49 yaks
  3 fire elementals
  2 chaos spawn
  4 hogs
  4 steam dragons
  2 neqoxecs
  11 wargs
  A naga (Abyss:3)
  8 vampire mosquitoes
  4 acid dragons
  3 hell hounds (Abyss:3)
  20 water moccasins
  A floating eye (D:14)
  A swamp drake (Lair:6)
  A black bear (Lair:5)
  46 orc warriors
  A tengu skeleton (Depths:2)
  An ice dragon simulacrum (Abyss:3)
  10 ogres
  A sky beast (D:5)
  A hornet zombie (Spider:3)
  3 necrophages
  7 wolves
  25 centaurs
  3 boggarts (Vaults:1)
  11 kobold brigands
  9 bullfrogs
  2 wyvern zombies (D:8)
  26 scorpions
  An earth elemental (Elf:1)
  2 water moccasin skeletons (D:6)
  17 wights
  6 electric eels
  2 howler monkeys (D:12)
  2 quasits
  An iron imp (Abyss:3)
  2 bullfrog skeletons (D:6)
  12 centaur zombies
  4 hounds
  A gnoll shaman (D:9)
  39 orc priests
  A centaur skeleton (D:7)
  A jelly (D:5)
  8 iguanas
  13 hell rats
  27 orc wizards
  2 polar bear simulacra (D:13)
  3 yak simulacra (D:13)
  10 small abominations
  2 wolf simulacra (D:13)
  A howler monkey zombie (D:8)
  14 gnolls
  2 howler monkey skeletons
  8 adders
  4 river rats (Lair:6)
  4 white imps
  An ufetubus (Vaults:4)
  7 worms
  127 orcs
  10 endoplasms
  6 giant cockroaches
  13 hobgoblins
  6 jackals
  4 quokkas
  10 ball pythons
  3 bats
  4 frilled lizards
  11 goblins
  14 kobolds
  12 rats
  4 river rat simulacra (D:13)
  A lurking horror (Abyss:3)
  2 tentacles (Shoals:4)
1848 creatures vanquished.

Vanquished Creatures (collateral kills)
  Mara (Vaults:4)
  Mennas (Vaults:4)
  Bai Suzhen (Spider:2)
  Saint Roka (Vaults:4)
  Asterion (Spider:4)
  A sphinx (Vaults:4)
  A daeva (Depths:2)
  A balrug (Abyss:3)
  An ironbound preserver (Vaults:4)
  3 vault guards (Vaults:4)
  A spriggan berserker (Depths:2)
  A glowing orange brain (Vaults:4)
  A wizard (Vaults:4)
  An orb spider (Spider:4)
  An ugly thing (Vaults:4)
  A vault sentinel (Vaults:4)
  An ice beast (Vaults:4)
  A large abomination (Abyss:3)
  An orc wizard (Vaults:4)
  An orc (Vaults:4)
  16 foxfires
38 creatures vanquished.

Vanquished Creatures (others)
  A wolf spider (Spider:2)
  2 water elementals (Abyss:3)
  A human (Spider:3)
  An orc wizard (D:6)
  An orc (Orc:1)
  A bush (Shoals:1)
  2203 foxfires
  29 fungi
  277 plants
  2 starspawn tentacles (Abyss:2)
  6 tentacles (Shoals:4)
  4 toadstools (D:4)
  8 withered plants (D:14)
2536 creatures vanquished.

Grand Total: 4422 creatures vanquished

Table legend:
 A = Non-vault XP
 B = Vault XP
 C = Vault XP percentage of total XP
 D = Non-vault monster count
 E = Vault monster count
 F = Vault count percentage of total count
                 A         B        C        D         E       F
            +---------+---------+-------+---------+---------+-------
      Total |  482554 |  408845 |  45.9 |    1159 |     710 |  38.0
            +---------+---------+-------+---------+---------+-------
        D:1 |      42 |       0 |   0.0 |      27 |       0 |   0.0
        D:2 |      48 |      22 |  31.4 |      16 |      11 |  40.7
        D:3 |     279 |       8 |   2.8 |      32 |       4 |  11.1
        D:4 |     266 |       0 |   0.0 |       9 |       0 |   0.0
        D:5 |     642 |       0 |   0.0 |      19 |       0 |   0.0
        D:6 |    1145 |       0 |   0.0 |      20 |       0 |   0.0
        D:7 |     948 |     648 |  40.6 |      13 |       2 |  13.3
        D:8 |     717 |       0 |   0.0 |      17 |       0 |   0.0
        D:9 |    3400 |     449 |  11.7 |      28 |       1 |   3.4
       D:10 |    2833 |       3 |   0.1 |      20 |       1 |   4.8
       D:11 |    4338 |    4056 |  48.3 |      23 |      41 |  64.1
       D:12 |    4194 |     904 |  17.7 |      13 |       1 |   7.1
       D:13 |    7961 |    3316 |  29.4 |      18 |      14 |  43.8
       D:14 |   12590 |    6381 |  33.6 |      32 |      12 |  27.3
       D:15 |   13414 |    3148 |  19.0 |      25 |       3 |  10.7
     Lair:1 |     626 |     367 |  37.0 |       2 |       1 |  33.3
     Lair:2 |    4430 |       0 |   0.0 |      20 |       0 |   0.0
     Lair:3 |    6904 |    3393 |  33.0 |      29 |       3 |   9.4
     Lair:4 |    7960 |    1369 |  14.7 |      20 |       9 |  31.0
     Lair:5 |   10359 |    4158 |  28.6 |      41 |      13 |  24.1
     Lair:6 |    5214 |    4185 |  44.5 |      24 |      27 |  52.9
   Shoals:1 |   14358 |    5694 |  28.4 |      32 |       6 |  15.8
   Shoals:2 |   18114 |    4468 |  19.8 |      34 |       7 |  17.1
   Shoals:3 |   18586 |    5036 |  21.3 |      36 |       5 |  12.2
   Shoals:4 |   15487 |   29962 |  65.9 |      32 |      48 |  60.0
   Spider:1 |    8944 |       0 |   0.0 |      20 |       0 |   0.0
   Spider:2 |   11720 |   11350 |  49.2 |      30 |       5 |  14.3
   Spider:3 |   11075 |   33802 |  75.3 |      36 |      93 |  72.1
   Spider:4 |    7100 |   26611 |  78.9 |      19 |      39 |  67.2
      Orc:1 |    4803 |    1496 |  23.7 |      45 |       5 |  10.0
      Orc:2 |    1178 |   14813 |  92.6 |      27 |      75 |  73.5
      Elf:1 |   11554 |   13846 |  54.5 |      20 |      20 |  50.0
      Elf:2 |   18975 |    1799 |   8.7 |      31 |       2 |   6.1
      Elf:3 |   14881 |   40499 |  73.1 |      26 |      27 |  50.9
   Vaults:1 |   40753 |   17651 |  30.2 |      61 |      19 |  23.8
   Vaults:2 |   26341 |   28019 |  51.5 |      37 |      28 |  43.1
   Vaults:3 |   26841 |    9534 |  26.2 |      33 |      12 |  26.7
   Vaults:4 |   31752 |   41053 |  56.4 |      42 |      36 |  46.2
   Depths:1 |   25746 |    2125 |   7.6 |      27 |       2 |   6.9
   Depths:2 |   34899 |   27242 |  43.8 |      44 |      24 |  35.3
   Depths:3 |   11150 |   51329 |  82.2 |       9 |      48 |  84.2
   Depths:4 |    1831 |       0 |   0.0 |       2 |       0 |   0.0
    Abyss:2 |   17207 |       0 |   0.0 |      27 |       0 |   0.0
    Abyss:3 |   20949 |    3868 |  15.6 |      41 |      16 |  28.1
     Bailey |       0 |    2276 | 100.0 |       0 |      39 | 100.0
   Gauntlet |       0 |    3965 | 100.0 |       0 |      11 | 100.0
            +---------+---------+-------+---------+---------+-------

Illustrated notes

Table legend:
 A = Kills in this place as a percentage of kills in entire the game.
 B = Kills by you in this place as a percentage of kills by you in the entire game.
 C = Kills by friends in this place as a percentage of kills by friends in the entire game.
 D = Other kills in this place as a percentage of other kills in the entire game.
 E = Experience gained in this place as a percentage of experience gained in the entire game.
 F = Experience gained in this place divided by the number of levels of this place that you have seen.
                   A       B       C       D       E      F
               +-------+-------+-------+-------+-------+----------------------
         Total | 100.0 | 100.0 | 100.0 | 100.0 | 100.0 | 18965.9
       Dungeon |  21.5 |  21.7 |   0.0 |  50.0 |   8.0 | 4783.5
          Lair |  10.1 |  10.2 |   0.0 |   0.0 |   5.5 | 8160.8
        Shoals |  10.7 |  10.8 |   0.0 |   0.0 |  12.5 | 27926.2
   Spider Nest |  12.9 |  12.9 |  13.6 |  50.0 |  12.4 | 27650.5
  Orcish Mines |   8.1 |   8.2 |   0.0 |   0.0 |   2.5 | 11145.0
   Elven Halls |   6.7 |   6.8 |   0.0 |   0.0 |  11.4 | 33851.3
        Vaults |  14.3 |  13.7 |  68.2 |   0.0 |  24.9 | 55486.0
        Depths |   8.3 |   8.3 |   9.1 |   0.0 |  17.3 | 38580.5
         Abyss |   4.5 |   4.4 |   9.1 |   0.0 |   4.7 | 21012.0
        Bailey |   2.1 |   2.1 |   0.0 |   0.0 |   0.3 | 2276.0
      Gauntlet |   0.6 |   0.6 |   0.0 |   0.0 |   0.4 | 3965.0
               +-------+-------+-------+-------+-------+----------------------

Table legend: (Time is in decaauts)
 A = Elapsed time spent in this place.
 B = Non-inter-level travel time spent in this place.
 C = Inter-level travel time spent in this place.
 D = Time resting spent in this place.
 E = Time spent auto-exploring this place.
 F = Levels seen in this place.
 G = Mean time per level.
                   A        B        C        D        E       F      G
               +--------+--------+--------+--------+--------+-----+--------+
         Total |  77848 |  72827 |   5021 |  26796 |  24492 |  47 | 1656.3 |
       Dungeon |  23722 |  21821 |   1901 |   7010 |  11087 |  15 | 1581.5 |
        Temple |    243 |    125 |    118 |      0 |     40 |   1 |  243.0 |
          Lair |   9656 |   8753 |    903 |   3077 |   4168 |   6 | 1609.3 |
        Shoals |   8712 |   8484 |    228 |   4561 |   1661 |   4 | 2178.0 |
   Spider Nest |   8016 |   7637 |    379 |   3511 |   1656 |   4 | 2004.0 |
  Orcish Mines |   3941 |   3497 |    444 |   1051 |   1438 |   2 | 1970.5 |
   Elven Halls |   5847 |   5664 |    183 |   2378 |    965 |   3 | 1949.0 |
        Vaults |  10084 |   9354 |    730 |   3187 |   1735 |   4 | 2521.0 |
        Depths |   4466 |   4334 |    132 |   1027 |   1183 |   4 | 1116.5 |
         Abyss |    914 |    914 |      0 |    150 |      0 |   2 |  457.0 |
        Bailey |   1611 |   1611 |      0 |    646 |    445 |   1 | 1611.0 |
      Gauntlet |    631 |    631 |      0 |    195 |    113 |   1 |  631.0 |
               +--------+--------+--------+--------+--------+-----+--------+

Top non-repeatable levels by time:
Vaults:1: 3979 daAuts
    D:11: 3060 daAuts
Spider:3: 3030 daAuts
Shoals:3: 2901 daAuts
   Orc:2: 2313 daAuts
Spider:4: 2303 daAuts
Vaults:4: 2291 daAuts
  Lair:3: 2228 daAuts
Depths:2: 2203 daAuts
   Elf:1: 2181 daAuts
Shoals:2: 2120 daAuts
  Lair:5: 2077 daAuts
     D:3: 2043 daAuts
Shoals:1: 1957 daAuts
   Elf:3: 1956 daAuts
